 Dungeon Crawl Stone Soup version 0.23-a0-207-g93a313e (webtiles) character file.

597 galech the Chopper (level 7, 0/54 HPs)
             Began as a Demonspawn Fighter on Sept 24, 2018.
             Was a Follower of Okawaru.
             Slain by Pikel
             ... wielding a +2 whip of freezing
              (3 damage)
             ... on level 5 of the Dungeon.
             The game lasted 00:05:52 (3686 turns).

galech the Chopper (Demonspawn Fighter)             Turns: 3686, Time: 00:05:52

Health: 0/54       AC: 11    Str: 16    XL:     7   Next: 17%
Magic:  0/7        EV:  8    Int: 13    God:    Okawaru [*.....]
Gold:   169        SH:  9    Dex: 15    Spells: 6/6 levels left

rFire    + . .     SeeInvis .   E - +5 falchion "Wana" {freeze, +Inv Int+4}
rCold    . . .     Gourm    .   c - +0 shield
rNeg     . . .     Faith    .   b - +0 scale mail
rPois    .         Spirit   +   o - +0 helmet
rElec    .         Reflect  .   e - +0 cloak
rCorr    .         Harm     .   q - +0 pair of gloves
MR       .....                  (no boots)
Stlth    ..........             (no amulet)
HPRegen  0.18/turn              (no ring)
MPRegen  0.10/turn              z - +1 ring of protection

@: no status effects
A: hooves 1, fire resistance 1, magic shield, flame cloud immunity
a: Heroism, Renounce Religion, Evoke Invisibility


You were on level 5 of the Dungeon.
You worshipped Okawaru.
Okawaru was aware of your devotion.
You were hungry.

You visited 1 branch of the dungeon, and saw 5 of its levels.

You collected 169 gold pieces.

Inventory:

Hand Weapons
 a - a +0 war axe
 E - the +5 falchion "Wana" (weapon) {freeze, +Inv Int+4}
   (You found it on level 4 of the Dungeon)

   It has been specially enchanted to freeze those struck by it, causing extra
   injury to most foes and up to half again as much damage against particularly
   susceptible opponents.
   It can also slow down cold-blooded creatures.
   It affects your intelligence (+4).
   It lets you turn invisible.
Armour
 b - a +0 scale mail (worn)
 c - a +0 shield (worn)
 e - a +0 cloak (worn)
 o - a +0 helmet (worn)
 q - a +0 pair of gloves (worn)
Jewellery
 z - a +1 ring of protection (right hand)
Wands
 g - a wand of disintegration (10)
 x - a wand of clouds (3)
Scrolls
 i - 2 scrolls of identify
 t - 2 scrolls of teleportation
 y - a scroll of fear
 A - a scroll of magic mapping
 F - a scroll of fog
Potions
 d - 3 potions of might
 h - a potion of agility {unknown}
 j - a potion of curing
 k - 2 potions of heal wounds {unknown}
 l - a potion of flight {unknown}
 m - 2 potions of resistance {unknown}
 n - a potion of mutation {unknown}
 p - 4 potions of invisibility {unknown}
 r - a potion of ambrosia {unknown}
 s - a potion of lignification {unknown}
 u - a potion of cancellation {unknown}
 B - a potion of brilliance {unknown}
 C - a potion of magic {unknown}
Comestibles
 f - 7 rations
 D - 3 chunks of flesh


   Skills:
 + Level 4.1 Fighting
 + Level 0.8 Long Blades
 + Level 4.3 Axes
 + Level 4.2 Armour
 + Level 1.7 Dodging
 + Level 0.2 Stealth
 + Level 4.0 Shields


You had 6 spell levels left.
You didn't know any spells.
Your spell library contained the following spells:

 Spells                   Type           Power        Failure   Level  Hunger
 Animate Skeleton         Necr           N/A          99%         1    ##.....
 Apportation              Tloc           #.....       99%         1    ##.....
 Confusing Touch          Hex            #.....       99%         1    ##.....
 Summon Small Mammal      Summ           #...         99%         1    ##.....


Dungeon Overview and Level Annotations

Branches:
Dungeon (5/15)
 Temple: D:4-7

Altars:
Gozag
Nemelex Xobeh
Okawaru

Annotations:
D:5 Pikel


Innate Abilities, Weirdness & Mutations

You have large cloven feet.
Your flesh is heat resistant. (rF+)
When hurt, damage is shared between your health and your magic reserves.
You are immune to clouds of flame.


Message History

You miss Pikel. You kick Pikel, but do no damage.
Pikel is severely wounded.
Pikel hits you but does no damage.
Some of the chunks of flesh in your inventory have rotted away.
You closely miss Pikel.
Pikel is severely wounded.
You are feeling hungry.
You block Pikel's attack. x2
You barely miss Pikel. You kick Pikel, but do no damage.
Pikel is severely wounded.
Pikel hits you but does no damage.
You hit Pikel. You freeze Pikel.
Pikel is severely wounded.
You block Pikel's attack.
You closely miss Pikel.
Pikel is severely wounded.
You block Pikel's attack. Pikel hits you with a whip of freezing!
* * * LOW HITPOINT WARNING * * *
Pikel freezes you.
You die...

#.##.# #.#
#.# #.. #.#
#.. #.# #..
#.# ## #..
#.# ..# #..
#.# ##...#.
#.##p......
#.@Kp......
####p......
##...## ..#
##


You could see Pikel and 3 slaves.

Vanquished Creatures
  Sigmund (D:5)
  A slave (D:5)
  A scorpion (D:5)
  An orc wizard (D:3)
  A hound (D:4)
  Crazy Yiuf (D:4)
  A bullfrog skeleton (D:4)
  2 iguanas
  2 worker ants
  A hound skeleton (D:4)
  6 adders
  3 gnolls (D:5)
  2 worms (D:2)
  3 leopard geckos
  7 orcs (D:3)
  A ball python (D:1)
  5 giant cockroaches
  7 goblins
  3 hobgoblins
  4 jackals
  9 kobolds
  2 quokkas (D:3)
  6 bats
  4 frilled lizards
  10 rats
84 creatures vanquished.

Notes
Turn   | Place    | Note
-------+----------+-------------------------------------------
     0 | D:1      | galech the Demonspawn Fighter began the quest for the Orb.
     0 | D:1      | Reached XP level 1. HP: 18/18 MP: 1/1
   123 | D:1      | Gained mutation: Your flesh is heat resistant. (rF+)
                  | [demonic ancestry]
   123 | D:1      | Reached XP level 2. HP: 20/24 MP: 2/2
   416 | D:1      | Gained mutation: When hurt, damage is shared between your
                  | health and your magic reserves. [demonic ancestry]
   416 | D:1      | Reached XP level 3. HP: 29/29 MP: 3/3
  1288 | D:3      | Gained mutation: You are immune to clouds of flame.
                  | [demonic ancestry]
  1288 | D:3      | Reached XP level 4. HP: 23/35 MP: 2/4
  1351 | D:3      | Found an opulent altar of Gozag.
  1947 | D:4      | Reached skill level 1 in Dodging
  1947 | D:4      | Reached XP level 5. HP: 29/41 MP: 3/5
  2567 | D:4      | Found a runed door.
  2691 | D:4      | Found an iron altar of Okawaru.
  2700 | D:4      | Gained mutation: You have large cloven feet. [demonic
                  | ancestry]
  2700 | D:4      | Reached XP level 6. HP: 30/47 MP: 4/6
  2708 | D:4      | Got a crude falchion
  2710 | D:4      | Became a worshipper of Warmaster Okawaru
  2711 | D:4      | Identified the +5 falchion "Wana" {freeze, +Inv Int+4} (You
                  | found it on level 4 of the Dungeon)
  3018 | D:4      | Noticed Crazy Yiuf
  3025 | D:4      | Killed Crazy Yiuf
  3258 | D:5      | Entered Level 5 of the Dungeon
  3258 | D:5      | Noticed Sigmund
  3271 | D:5      | Killed Sigmund
  3275 | D:5      | Reached * piety under Okawaru
  3275 | D:5      | Reached XP level 7. HP: 20/54 MP: 2/7
  3555 | D:5      | Found a sparkling altar of Nemelex Xobeh.
  3597 | D:5      | Got a warped robe
  3608 | D:5      | Identified the cursed +0 robe of Midsummer {+Inv MR+
                  | Regen+} (You found it on level 5 of the Dungeon)
  3665 | D:5      | Noticed Pikel
  3686 | D:5      | Slain by Pikel

Vault maps used:
D:1:      mrwooster_arrival_statue
D:3:      overflow_temple_1_default, first_ration
D:4:      okawaru_ov_weapons_minmay, minmay_box_of_dots, uniq_crazy_yiuf_cottage
D:5:      dancing_weapons_uskayaw, nemelex_xobeh_ov_fountains_minmay,
          lightli_temple_of_fire, kennysheep_mini_moat, uniq_edmund, uniq_pikel,
          uniq_sigmund, uniq_menkaure

Skill      XL: |  1  2  3  4  5  6  7 |
---------------+----------------------+-----
Axes           | 2 3 4 |  4.3
Armour         | 3 4 |  4.2
Shields        | 3 4 |  4.0
Dodging        | 1 |  1.7
Fighting       | 4 |  4.1
Long Blades    | |  0.8
Stealth        | |  0.2

Action                   |  1- 3 |  4- 6 |  7- 9 || total
-------------------------+-------+-------+-------++-------
Melee: War axe           |   130 |   123 |       ||   253
       Falchion          |       |    24 |    36 ||    60
       Kick              |       |     5 |    13 ||    18
  Use: Potion            |       |     2 |       ||     2
       Scroll            |       |       |     6 ||     6
  Eat: Chunk             |     1 |     7 |     1 ||     9
Armor: Scale mail        |    85 |    96 |    13 ||   194
Dodge: Dodged            |    45 |    56 |    12 ||   113
Block: Shield            |    55 |    84 |    18 ||   157
       Rpst.: Falchion   |       |     5 |     4 ||     9

Table legend:
 A = Non-vault XP
 B = Vault XP
 C = Vault XP percentage of total XP
 D = Non-vault monster count
 E = Vault monster count
 F = Vault count percentage of total count
                 A         B        C        D         E       F
            +---------+---------+-------+---------+---------+-------
      Total |     602 |     252 |  29.5 |      81 |       2 |   2.4
            +---------+---------+-------+---------+---------+-------
        D:1 |      54 |       0 |   0.0 |      33 |       0 |   0.0
        D:2 |      17 |       0 |   0.0 |       7 |       0 |   0.0
        D:3 |     111 |       0 |   0.0 |      23 |       0 |   0.0
        D:4 |     214 |      40 |  15.7 |       9 |       1 |  10.0
        D:5 |     206 |     212 |  50.7 |       9 |       1 |  10.0
            +---------+---------+-------+---------+---------+-------
